 Dungeon Crawl Stone Soup version 0.26-a0-854-gdc81c2f471 (webtiles) character file.

Game seed: 6907897943438846699

46671 dickylongcocking the Spear-Bearer (level 14, -11/111 HPs)
             Began as a Merfolk Summoner on Nov 22, 2020.
             Was an Initiate of Gozag.
             Mangled by a catoblepas (46 damage)
             ... on level 6 of the Lair of Beasts.
             The game lasted 00:50:35 (37780 turns).

dickylongcocking the Spear-Bearer (MfSu)           Turns: 37780, Time: 00:50:35

Health: -11/111    AC: 17    Str: 11    XL:     14   Next: 38%
Magic:  18/27      EV: 15    Int: 24    God:    Gozag
Gold:   3983       SH:  0    Dex: 16    Spells: 17/31 levels left

rFire    . . .     SeeInvis .   k - +7 spear "Myd Wigi" {vorpal, rN+ MR+ Str-5}
rCold    . . .     Faith    .   W - +0 buckler {rPois}
rNeg     + . .     Spirit   .   z - +6 scale mail of the Goldsmith {*Drain +Fly rElec Regen+ Stlth+}
rPois    +         Reflect  .   (no helmet)
rElec    +         Harm     .   O - +1 cloak {Stlth+}
rCorr    .         Rampage  .   D - +0 pair of gloves
MR       ++...                  v - +0 pair of boots of Ukliy {Dex+2}
Stlth    ++........             (no amulet)
HPRegen  0.68/turn              q - +6 ring of intelligence
MPRegen  0.20/turn              P - +6 ring of strength

@: sleeping
A: change form in water, swift swim, stealthy swim
a: Potion Petition, Call Merchant, Bribe Branch, Renounce Religion, Evoke Flight


You were on level 6 of the Lair of Beasts.
You worshipped Gozag.
Gozag was most pleased with you.
You visited 4 branches of the dungeon, and saw 20 of its levels.
You also visited: Bailey.

You collected 5836 gold pieces.
You spent 834 gold pieces at shops.
You paid 1019 gold pieces to Gozag.

Inventory:

Hand Weapons
 k - the +7 spear "Myd Wigi" (weapon) {vorpal, rN+ MR+ Str-5}
   (You found it on level 9 of the Dungeon)

   It inflicts extra damage upon your enemies.
   It affects your strength (-5).
   It protects you from negative energy.
   It affects your resistance to hostile enchantments.
 u - a +3 trident
 B - a +0 glaive of freezing
 J - a +2 glaive
Missiles
 g - 62 poisoned darts (quivered)
 i - 10 javelins
Armour
 a - a +0 robe
 b - a +0 tower shield
 j - a +0 leather armour
 s - +2 ice dragon scales
 v - the +0 pair of boots of Ukliy (worn) {Dex+2}
   (You found it in a bailey)

   It affects your dexterity (+2).
 z - the +6 scale mail of the Goldsmith (worn) {*Drain +Fly rElec Regen+ Stlth+}
   (You took it off an orc priest on level 9 of the Dungeon)

   It insulates you from electricity.
   It lets you fly.
   It increases your rate of regeneration.
   It causes draining when unequipped.
   It makes you more stealthy.
 D - a +0 pair of gloves (worn)
 O - a +1 cloak of stealth (worn)
 W - a +0 buckler of poison resistance (worn)
Magical Staves
 r - an uncursed staff of fire
 S - an uncursed staff of poison
 U - an uncursed staff of air
Jewellery
 l - a +4 ring of evasion
 q - a +6 ring of intelligence (left hand)
 F - an uncursed ring of fire
 K - a +6 ring of intelligence
 P - a +6 ring of strength (right hand)
 Q - an uncursed amulet of inaccuracy
Wands
 c - a wand of disintegration (5)
 d - a wand of digging (8)
 n - a wand of flame (43)
 H - a wand of polymorph (15)
 T - a wand of paralysis (8)
Scrolls
 e - 7 scrolls of fog
 h - 9 scrolls of teleportation
 m - 7 scrolls of enchant armour
 o - 4 scrolls of identify
 p - 3 scrolls of amnesia
 t - 9 scrolls of remove curse
 w - a scroll of brand weapon
 x - 3 scrolls of immolation
 y - 4 scrolls of vulnerability
 C - 3 scrolls of enchant weapon
 Y - a scroll of holy word
 Z - a scroll of blinking
Potions
 f - 2 potions of flight
 A - a potion of resistance
 E - a potion of heal wounds
 G - 3 potions of haste
 I - 6 potions of curing
 L - 2 potions of mutation
 M - 4 potions of brilliance
 R - 2 potions of might
 V - 2 potions of cancellation
 X - a potion of magic
Miscellaneous
 N - a condenser vane (inert)


   Skills:
 * Level 10.8 Fighting
 - Level 12.3 Polearms
 - Level 4.2 Armour
 * Level 11.4 Dodging
 - Level 2.1 Stealth
 - Level 3.8 Shields
 * Level 9.0 Spellcasting
 * Level 11.0 Summonings
 * Level 10.4 Ice Magic
 * Level 4.0 Air Magic
 - Level 3.0 Evocations


You had 17 spell levels left.
You knew the following spells:

 Your Spells              Type           Power        Failure   Level
a - Summon Small Mammal   Summ           ####         1%          1
b - Call Imp              Summ           ######..     1%          2
c - Call Canine Familiar  Summ           ######..     1%          3
d - Summon Ice Beast      Ice/Summ       ######..     3%          4
e - Summon Lightning Spi  Summ/Air       #####...     14%         4

Your spell library contained the following spells:

 Spells                   Type           Power        Failure   Level
 Summon Guardian Golem    Hex/Summ       #####...     10%         3
 Poisonous Vapours        Pois/Air       ###...       21%         2
 Animate Skeleton         Necr           ##....       30%         1
 Beastly Appendage        Tmut           ##....       30%         1
 Corona                   Hex            ##.....      30%         1
 Magic Dart               Conj           ##..         30%         1
 Pain                     Necr           ##..         30%         1
 Ice Form                 Ice/Tmut       #####...     36%         4
 Blink                    Tloc           N/A          43%         2
 Slow                     Hex            ##......     43%         2
 Wereblood                Tmut           ##......     43%         2
 Mephitic Cloud           Conj/Pois/Air  ###.....     47%         3
 Confusing Touch          Hex            ##......     67%         3
 Conjure Flame            Conj/Fire      ##......     67%         3
 Inner Flame              Hex/Fire       ##......     67%         3
 Portal Projectile        Hex/Tloc       ##....       67%         3
 Spider Form              Tmut/Pois      ##........   67%         3
 Vampiric Draining        Necr           ##........   67%         3
 Animate Dead             Necr           ##........   97%         4
 Cause Fear               Hex            ##........   97%         4
 Leda's Liquefaction      Hex/Erth       ##........   97%         4
 Agony                    Necr           ##......     100%        5
 Blade Hands              Tmut           ##........   100%        5
 Death Channel            Necr           ##........   100%        6
 Freezing Cloud           Conj/Ice/Air   ####......   100%        6
 Discord                  Hex            ##........   100%        8


Dungeon Overview and Level Annotations

Branches:
Dungeon (12/15)            Temple (1/1) D:6            Lair (6/6) D:8
  Swamp (0/4) Lair:3       Spider (0/4) Lair:2        Slime (0/5) Lair:6
    Orc (1/2) D:9          Bailey (visited)

Altars:
Ashenzari
Cheibriados
Dithmenos
Elyvilon
Fedhas
Gozag
Hepliaklqana
Kikubaaqudgha
Makhleb
Nemelex Xobeh
Okawaru
Qazlal
Ru
Sif Muna
Trog
Uskayaw
Vehumet
Wu Jian
Xom
Yredelemnul
Zin
The Shining One

Shops:
D:4 *   D:5 !

Annotations:
D:2 Robin
D:11 2 transporters, drugrobin's ghost, novice DgWr


Message History

You reach to attack!
You hit the catoblepas.
The catoblepas is moderately wounded.
The dream sheep shake their wool and sparkle.
You feel drowsy...
You fall asleep.
Your ice beast is engulfed in calcifying dust.
Your ice beast stops moving altogether!
Your ice beast hits the catoblepas but does no damage.
The black mamba is no longer moving slowly.
The black mamba is no longer petrified.
The black mamba bites your ice beast. The dream sheep misses your ice beast.
Your ice beast is engulfed in calcifying dust.
The black mamba bites your ice beast!!
Your ice beast dies!
The catoblepas gores you but does no damage.
Your ice beast hits the catoblepas but does no damage.
Your ice beast is engulfed in calcifying dust.
The black mamba barely misses your ice beast.
The catoblepas gores you!!!
You die...
Your body crumbles into a pile of gold.

...## ........# ##........ ...#
#.#....#####....##### ..##
....... #..........# ..# #....
###P....#...# ..#
#.Y.###.###.......# ..#
###SY.........###### ..# $
#.YY#.#...#....P##.. ..## $
#..Y..#...#.....##.. ...##
#ยง.@..#####.....##.. ....##
##............####.. .....#
###.P.....P### #P. .....###
####.P.### ### .......#######
#### ######## ####
.............###..###.###..###...
.................................
.................................
...........!.....................


You could see a catoblepas, a black mamba, 2 dream sheep and 2 friendly ice
beasts.

Vanquished Creatures
  A boulder beetle (D:11)
  5 hydras
  A two-headed ogre (D:12)
  A death yak (Lair:6)
  A tengu warrior (D:12)
  A shock serpent (D:12)
  Sonja (Lair:1)
  Pikel (D:4)
  A deep elf mage (D:12)
  An orc sorcerer (D:12)
  3 orc knights
  A cyclops (D:10)
  7 elephants
  A manticore (Lair:6)
  Joseph (D:7)
  A centaur zombie (D:12)
  Psyche (D:11)
  3 black mambas
  8 cane toads
  A centaur skeleton (D:12)
  A gargoyle (D:11)
  A rime drake (Lair:3)
  3 komodo dragons
  3 polar bears
  A troll (D:10)
  Prince Ribbit (D:7)
  2 tyrant leeches (Lair:3)
  8 blink frogs
  4 slime creatures
  A raiju (shapeshifter) (D:11)
  3 dream sheep (Lair:6)
  A vampire (D:10)
  A shadow (D:12)
  21 yaks
  A wraith (D:12)
  2 wyverns
  Menkaure (D:6)
  2 vampire mosquitoes (D:11)
  A swamp worm (Lair:3)
  Edmund (D:5)
  An acid dragon (D:12)
  7 water moccasins
  7 orc warriors
  2 sky beasts
  4 ice beasts
  3 ogres
  2 phantoms
  12 wolves
  4 centaurs
  3 lemures (D:4)
  3 nameless horrors
  6 bullfrogs
  A water moccasin zombie (D:7)
  3 scorpions
  4 killer bees
  8 wights
  2 quasits
  A bullfrog zombie (D:5)
  5 hounds
  5 orc priests
  A jelly (D:7)
  11 orc wizards
  5 bullfrog skeletons
  Jessica (D:3)
  3 iguanas
  13 hell rats
  7 worker ants
  4 gnolls
  7 adders
  A shadow imp (D:10)
  2 adder zombies
  An adder skeleton (D:7)
  2 worms
  A dart slug (D:1)
  4 leopard geckos
  36 orcs
  4 giant cockroaches
  6 goblins
  5 hobgoblins
  4 jackals (D:3)
  5 quokkas
  A ball python (D:8)
  10 bats
  4 frilled lizards
  A giant cockroach zombie (D:5)
  2 jackal skeletons
  A jackal zombie (D:5)
  10 kobolds
  A leopard gecko zombie (D:5)
  3 quokka skeletons
  3 rats
342 creatures vanquished.

Vanquished Creatures (collateral kills)
  A catoblepas (Lair:6)
  4 hydras
  4 two-headed ogres
  An alligator (D:12)
  A death yak (Lair:6)
  A lindwurm (Lair:6)
  An orc knight (Bailey)
  A slime creature (D:12)
  2 ugly things
  3 oklob plants (Lair:2)
  A manticore (D:12)
  A black mamba (Lair:1)
  6 elephants
  4 cane toads
  3 komodo dragons
  A polar bear (Lair:3)
  6 trolls
  A jumping spider (Lair:2)
  3 dream sheep (Lair:6)
  9 blink frogs
  4 water elementals (D:12)
  Sigmund (D:2)
  A redback (Lair:2)
  A wraith (D:11)
  2 wyverns
  A nameless horror (D:10)
  Eustachio (D:4)
  30 yaks
  A swamp worm (Lair:3)
  Duvessa (D:4)
  4 water moccasins
  3 sky beasts
  2 ice beasts
  A swamp drake (D:9)
  7 orc warriors
  A black bear (D:12)
  6 ogres
  3 centaurs
  9 wolves
  A lemure (D:3)
  Blork the orc (D:5)
  6 bullfrogs
  2 big kobolds
  Dowan (D:4)
  5 scorpions
  11 killer bees
  2 wights (D:11)
  3 hounds
  2 jellies
  2 bullfrog zombies
  2 bullfrog skeletons
  6 orc priests
  Natasha (D:2)
  A gnoll shaman (D:10)
  An iguana (D:5)
  3 orc wizards
  5 hell rats
  4 worker ants
  A killer bee zombie (D:5)
  A hound zombie (D:5)
  3 worker ant zombies (D:5)
  4 gnolls
  11 adders
  2 shadow imps
  A white imp (D:5)
  2 ufetubi
  2 oozes (D:1)
  2 adder zombies (D:5)
  An adder skeleton (D:4)
  2 worms (D:3)
  20 orcs
  3 giant cockroaches
  12 goblins
  4 hobgoblins
  2 jackals (D:3)
  A quokka (D:11)
  4 bats
  A frilled lizard (D:2)
  5 kobolds
  A leopard gecko zombie (D:6)
277 creatures vanquished.

Vanquished Creatures (others)
  An ogre (D:7)
  36 fungi
  32 plants
  2 withered plants (D:5)
71 creatures vanquished.

Grand Total: 690 creatures vanquished

Notes
Turn   | Place    | Note
-------+----------+-------------------------------------------
     0 | D:1      | dickylongcocking the Merfolk Summoner began the quest for
                  | the Orb.
     0 | D:1      | Reached XP level 1. HP: 13/13 MP: 3/3
   412 | D:1      | Reached XP level 2. HP: 14/19 MP: 1/5
  1182 | D:1      | Reached XP level 3. HP: 17/24 MP: 4/6
  1579 | D:1      | Reached skill level 5 in Summonings
  2102 | D:2      | Noticed Sigmund
  2321 | D:1      | Learned a level 2 spell: Call Imp
  3300 | D:2      | Reached XP level 4. HP: 28/30 MP: 7/7
  3499 | D:2      | Noticed Robin
  3802 | D:2      | Learned a level 3 spell: Call Canine Familiar
  4013 | D:2      | Killed Sigmund
  4014 | D:2      | Reached skill level 2 in Polearms
  4014 | D:2      | Reached XP level 5. HP: 38/38 MP: 0/8
  4101 | D:3      | Noticed Jessica
  4102 | D:3      | Killed Jessica
  4103 | D:3      | Reached skill level 3 in Polearms
  4109 | D:3      | Noticed Natasha
  4124 | D:2      | Killed Natasha
  4784 | D:3      | Reached XP level 6. HP: 33/46 MP: 3/9
  5022 | D:3      | Reached skill level 4 in Polearms
  6335 | D:4      | Noticed Dowan
  6669 | D:4      | Learned a level 4 spell: Summon Ice Beast
  6669 | D:4      | Noticed Pikel
  6675 | D:4      | Noticed Duvessa
  6680 | D:4      | Killed Pikel
  6681 | D:4      | Reached skill level 5 in Polearms
  6681 | D:4      | Reached XP level 7. HP: 43/55 MP: 2/12
  6681 | D:4      | Reached XP level 8. HP: 48/61 MP: 2/13
  6896 | D:4      | Noticed Eustachio
  6905 | D:4      | Killed Eustachio
  6906 | D:4      | Reached skill level 6 in Polearms
  7129 | D:4      | Killed Dowan
  7141 | D:4      | Killed Duvessa
  7232 | D:4      | Found Isaamp's General Store.
  7237 | D:4      | Bought a +0 cloak of stealth for 126 gold pieces
  7871 | D:5      | Entered Level 5 of the Dungeon
  7911 | D:5      | Noticed Blork the orc
  7931 | D:5      | Killed Blork the orc
  8196 | D:5      | Found Gabekishre's Distillery.
  8282 | D:5      | Reached skill level 5 in Fighting
  8763 | D:5      | Reached skill level 7 in Polearms
  9115 | D:5      | Noticed Edmund
  9127 | D:5      | Reached XP level 9. HP: 40/68 MP: 9/15
  9130 | D:5      | Killed Edmund
  9131 | D:5      | Reached skill level 5 in Dodging
  9811 | D:6      | HP: 1/68 [ice beast (13)]
 10347 | D:6      | Noticed Menkaure
 10351 | D:6      | Killed Menkaure
 11145 | D:6      | Found a staircase to the Ecumenical Temple.
 11155 | Temple   | Entered the Ecumenical Temple
 11300 | Temple   | Became a worshipper of Gozag Ym Sagoz the Greedy
 12104 | D:7      | Reached skill level 8 in Polearms
 12233 | D:7      | Noticed a two-headed ogre
 12238 | D:7      | Noticed Prince Ribbit
 12238 | D:7      | Killed a two-headed ogre
 12239 | D:7      | Reached skill level 5 in Spellcasting
 12239 | D:7      | Reached skill level 5 in Ice Magic
 12244 | D:7      | Killed Prince Ribbit
 12483 | D:7      | Found an ornate altar of the Wu Jian Council.
 12811 | D:7      | Noticed Joseph
 12823 | D:7      | Killed Joseph
 12824 | D:7      | Reached XP level 10. HP: 66/77 MP: 5/18
 13769 | D:8      | Reached skill level 9 in Polearms
 14611 | D:8      | You fall into a shaft and drop 3 floors!
 14618 | D:10     | Entered Level 10 of the Dungeon
 15183 | D:10     | HP: 3/79 [poisoned by a killer bee]
 15191 | D:10     | HP: 3/79 [poisoned by a killer bee]
 15419 | D:10     | Noticed a two-headed ogre
 15809 | D:10     | Killed a two-headed ogre
 17378 | D:11     | Noticed a green ugly thing
 17387 | D:11     | Noticed a two-headed ogre
 17387 | D:11     | Killed a cyan ugly thing
 17388 | D:11     | Reached XP level 11. HP: 57/85 MP: 8/20
 17392 | D:11     | Killed a two-headed ogre
 17393 | D:11     | Reached skill level 10 in Polearms
 17714 | D:9      | Found a flagged portal.
 17716 | D:9      | Found a broken altar of Ashenzari.
 17719 | D:9      | Got a crystal spear
 17719 | D:9      | Identified the +7 spear "Myd Wigi" {vorpal, rN+ MR+ Str-5}
                  | (You found it on level 9 of the Dungeon)
 17722 | Bailey   | Entered a bailey
 18061 | Bailey   | Noticed an orc knight
 18061 | Bailey   | Noticed an orc knight
 18070 | Bailey   | Killed an orc knight
 18072 | Bailey   | Killed an orc knight
 18090 | Bailey   | Noticed an orc knight
 18111 | Bailey   | Killed an orc knight
 18265 | Bailey   | Got a pair of slimy boots
 18272 | Bailey   | Identified the +0 pair of boots of Ukliy {Dex+2} (You found
                  | it in a bailey)
 18274 | Bailey   | Got a faintly glowing mace
 18274 | Bailey   | Identified the +3 mace of Honesty {vorpal, rPois Dex+2}
                  | (You found it in a bailey)
 18876 | D:9      | Identified the +6 scale mail of the Goldsmith {*Drain +Fly
                  | rElec Regen+ Stlth+}
 19621 | D:9      | Found a staircase to the Orcish Mines.
 20122 | D:8      | Found a staircase to the Lair.
 21212 | D:5      | Bought a potion of haste for 120 gold pieces
 21212 | D:5      | Bought a potion of curing for 36 gold pieces
 21212 | D:5      | Bought a potion of heal wounds for 60 gold pieces
 21212 | D:5      | Bought a potion of might for 48 gold pieces
 21212 | D:5      | Bought a potion of curing for 36 gold pieces
 21212 | D:5      | Bought a potion of haste for 120 gold pieces
 21212 | D:5      | Bought a potion of mutation for 96 gold pieces
 21212 | D:5      | Bought a potion of curing for 36 gold pieces
 21212 | D:5      | Bought a potion of mutation for 96 gold pieces
 21212 | D:5      | Bought a potion of heal wounds for 60 gold pieces
 21530 | D:11     | Noticed Psyche
 21712 | D:11     | Killed Psyche
 21773 | D:11     | Noticed a purple ugly thing
 22202 | D:11     | Noticed a cyclops
 22831 | D:10     | Killed a cyclops
 22832 | D:10     | Reached skill level 1 in Shields
 23494 | D:10     | Reached skill level 1 in Evocations
 23973 | D:10     | Killed a purple ugly thing
 24398 | D:11     | Noticed a boulder beetle
 24420 | D:11     | Killed a boulder beetle
 24421 | D:11     | Reached skill level 11 in Polearms
 24563 | D:11     | Noticed a manticore
 24564 | D:11     | Noticed drugrobin's ghost (novice DgWr)
 24567 | D:11     | Found a transporter.
 24580 | D:11     | Found a transporter.
 25852 | D:12     | Reached XP level 12. HP: 48/94 MP: 4/22
 26093 | D:12     | Noticed a boulder beetle
 26137 | D:12     | Noticed an alligator
 26137 | D:12     | a boulder beetle changed into an alligator
 26147 | D:12     | Killed an alligator
 26148 | D:12     | Reached skill level 1 in Armour
 26437 | D:12     | Noticed a shock serpent
 26437 | D:12     | an orc knight changed into a shock serpent
 26438 | D:12     | Noticed a soul eater
 26710 | D:12     | Paralysed by an orc sorcerer for 4 turns
 26823 | D:12     | Killed a shock serpent
 26824 | D:12     | Reached skill level 10 in Dodging
 26989 | D:12     | Noticed a two-headed ogre
 26997 | D:12     | Killed a two-headed ogre
 27252 | D:12     | Noticed a two-headed ogre
 27261 | D:12     | Killed a two-headed ogre
 27931 | D:12     | Identified the +2 leather armour "Atony" {Str+2 Dex+3}
 27943 | D:12     | Noticed a tengu warrior
 28074 | D:12     | Killed a tengu warrior
 28626 | D:12     | Learned a level 4 spell: Summon Lightning Spire
 28705 | Orc:1    | Entered Level 1 of the Orcish Mines
 28829 | Lair:1   | Entered Level 1 of the Lair of Beasts
 28836 | Lair:1   | Reached skill level 12 in Polearms
 29381 | Lair:1   | Reached XP level 13. HP: 101/101 MP: 15/24
 29491 | Lair:1   | Noticed Sonja
 29527 | Lair:1   | Killed Sonja
 29528 | Lair:1   | Reached skill level 10 in Summonings
 29602 | Lair:1   | Reached skill level 1 in Air Magic
 30076 | Lair:2   | Found a hole to the Spider Nest.
 30451 | Lair:2   | Identified the Compendium of Captivating Black Arts
 32224 | Lair:3   | Reached skill level 10 in Fighting
 32445 | Lair:3   | Found a staircase to the Swamp.
 35565 | Lair:5   | Reached XP level 14. HP: 111/111 MP: 18/26
 35627 | Lair:5   | Reached skill level 10 in Ice Magic
 35791 | Lair:5   | Found a shimmering altar of Xom.
 36149 | Lair:6   | Entered Level 6 of the Lair of Beasts
 36223 | Lair:6   | Found a staircase to the Slime Pits.
 37780 | Lair:6   | Mangled by a catoblepas

Illustrated notes

Levels and vault maps discovered:
D:1:      nicolae_arrival_washed_ashore, layout_loops_corners,
          grunt_decor_arrowhead
D:2:      layout_basic, uniq_robin, uniq_sigmund
D:3:      layout_rooms, uniq_natasha, uniq_jessica
D:4:      layout_loops_ring, serial_shops, shop, uniq_eustachio, uniq_pikel,
          uniq_duvessa
D:5:      layout_rooms, serial_undead, serial_undead_c, serial_undead_d,
          serial_undead_a, serial_undead_f, serial_shops,
          nicolae_shop_statue_plus, uniq_blork_the_orc, uniq_edmund
D:6:      layout_loops_ring, temple_hall, minmay_diced_spiral, uniq_menkaure
D:7:      lemuel_ice_spiral_2, layout_rooms, lemuel_round_altar,
          minmay_a_box_with_orc_wizards_in_it, uniq_joseph, uniq_prince_ribbit1
D:8:      layout_rooms, lair_entry_dummy, st_stairs_3
D:9:      layout_rooms, erik_orc_1, basic_altar, enter_bailey_2
D:10:     layout_loops_ring
D:11:     layout_rooms, gammafunk_ghost_arena, uniq_psyche
D:12:     kennysheep_windowed_halls, layout_irregular_city,
          nicolae_underground_beach
Temple:   kilobyte_greek_temple
Lair:1:   layout_cave_pods, serial_bayou_crossing, uniq_sonja
Lair:2:   layout_big_grid, spider_nest_entry_a, minmay_lair_oklob_chamber
Lair:3:   layout_cave_pods, palyth_hydra_swamp_entry, grunt_megastairs_1
Lair:4:   layout_loops_ring
Lair:5:   layout_roguey, basic_altar, infiniplex_staircase_pool_2,
          serial_bayou_shore_b, grunt_megastairs_3
Lair:6:   hangedman_lair_in_review, layout_regular_city, slime_dummy
Orc:1:    layout_caves, serial_shops, shop, nicolae_shop_stone, shop,
          mines1_david

Skill      XL: |  1  2  3  4  5  6  7  8  9 10 11 12 13 14 |
---------------+-------------------------------------------+-----
Summonings     | 5 6 7 8 9 10 11 | 11.0
Dodging        | 3 4 6 8 9 10 11 | 11.4
Fighting       | 2 4 5 6 7 8 9 10 | 10.8
Polearms       | 2 3 5 7 8 9 11 12 | 12.3
Spellcasting   | 3 4 5 6 7 8 9 |  9.0
Ice Magic      | 2 3 5 6 7 8 9 10 | 10.4
Shields        | 1 3 |  3.8
Evocations     | 1 2 3 |  3.0
Armour         | 2 4 |  4.2
Air Magic      | 3 4 |  4.0
Stealth        | |  2.1

Action                   |  1- 3 |  4- 6 |  7- 9 | 10-12 | 13-15 || total
-------------------------+-------+-------+-------+-------+-------++-------
Melee: Dagger            |   146 |    24 |       |       |       ||   170
       Club              |     4 |       |       |       |       ||     4
       Unarmed           |     2 |       |       |       |       ||     2
       Trident           |       |   178 |   227 |   334 |       ||   739
       Scythe            |       |    29 |       |       |       ||    29
       Glaive            |       |       |    64 |   553 |    19 ||   636
       Spear             |       |       |       |    18 |   664 ||   682
       Staff             |       |       |       |       |     5 ||     5
 Cast: Summon Small Mamm |    59 |     6 |       |       |       ||    65
       Call Imp          |    11 |    11 |       |       |       ||    22
       Call Canine Famil |       |    25 |    34 |    13 |       ||    72
       Summon Ice Beast  |       |       |    26 |   234 |   160 ||   420
       Summon Lightning  |       |       |       |       |     2 ||     2
Invok: Potion Petition   |       |       |       |     1 |     1 ||     2
Evoke: Wand              |       |     6 |     4 |    23 |     5 ||    38
       Condenser vane    |       |       |       |     1 |     2 ||     3
  Use: Potion            |       |     5 |     2 |    11 |     1 ||    19
       Scroll            |       |     2 |     7 |    19 |     4 ||    32
 Stab: Sleeping          |     3 |     1 |     3 |     2 |     1 ||    10
       Distracted        |     1 |     1 |     3 |    12 |     7 ||    24
       Paralysed         |       |       |       |    16 |       ||    16
       Petrified         |       |       |       |       |     2 ||     2
Armor: Robe              |    54 |       |       |       |       ||    54
       Leather armour    |    20 |    65 |    46 |   113 |       ||   244
       Ice dragon scales |       |       |       |    51 |       ||    51
       Scale mail        |       |       |       |   136 |   256 ||   392
Dodge: Dodged            |   169 |   200 |   200 |   680 |   407 ||  1656
Block: Buckler           |       |       |       |       |   120 ||   120

Table legend: (Time is in decaauts)
 A = Elapsed time spent in this place.
 B = Non-inter-level travel time spent in this place.
 C = Inter-level travel time spent in this place.
 D = Time resting spent in this place.
 E = Time spent auto-exploring this place.
 F = Levels seen in this place.
 G = Mean time per level.
                   A        B        C        D        E       F      G
               +--------+--------+--------+--------+--------+-----+--------+
         Total |  37550 |  35561 |   1989 |   9469 |  19442 |  21 | 1788.1 |
       Dungeon |  28123 |  26342 |   1781 |   8801 |  12522 |  12 | 2343.6 |
        Temple |    187 |    146 |     41 |      0 |    129 |   1 |  187.0 |
          Lair |   8317 |   8161 |    156 |    612 |   6211 |   6 | 1386.2 |
  Orcish Mines |     37 |     28 |      9 |      0 |     24 |   1 |   37.0 |
        Bailey |    884 |    884 |      0 |     56 |    555 |   1 |  884.0 |
               +--------+--------+--------+--------+--------+-----+--------+

Top non-repeatable levels by time:
    D:10: 6245 daAuts
    D:12: 2797 daAuts
     D:7: 2529 daAuts
     D:2: 2227 daAuts
     D:1: 2083 daAuts
     D:4: 1945 daAuts
     D:6: 1933 daAuts
  Lair:3: 1851 daAuts
     D:3: 1821 daAuts
    D:11: 1787 daAuts
     D:9: 1774 daAuts
     D:5: 1730 daAuts
  Lair:6: 1544 daAuts
  Lair:2: 1340 daAuts
     D:8: 1248 daAuts
